 Dungeon Crawl Stone Soup version 0.16-a0-253-g996e5b4 (webtiles) character file.

70 PolkaDot the Ruffian (level 4, -1/35 HPs)
             Began as a Draconian Transmuter on Aug 23, 2014.
             Slain by an iron imp (5 damage)
             ... summoned by Eustachio
             ... on Level 4 of the Dungeon.
             The game lasted 00:02:51 (1584 turns).

PolkaDot the Ruffian (Draconian Transmuter)         Turns: 1584, Time: 00:02:51

HP  -1/35        AC  5     Str 13      XL: 4   Next:  3%
MP   7/7         EV 12     Int 13      God:
Gold 99          SH  0     Dex 12      Spells:  1 memorised,  6 levels left

rFire  . . .     SeeInvis .       - Unarmed
rCold  . . .     Clarity  .     (armour unavailable)
rNeg   . . .     rCorr    .     (no shield)
rPois  .         rRot     .     (helmet restricted)
rElec  .         Spirit   .     (no cloak)
SustAb .         Warding  .     (no gloves)
rMut   .         Stasis   .     (no boots)
Gourm  .                        (no amulet)
MR     .....                    (no ring)
                                (no ring)

@: lethally poisoned, invisible, not resistant to hostile enchantments, very
unstealthy
A: unfitting armour, cold-blooded, AC +5
a: no special abilities


You were on level 4 of the Dungeon.
You were not hungry.

You visited 1 branch of the dungeon, and saw 3 of its levels.

You collected 99 gold pieces.

Inventory:

Missiles
 b - 12 arrows
Comestibles
 a - a bread ration
 g - a beef jerky
 j - a chunk of adder flesh {@w1}
 k - a chunk of giant newt flesh {@w1}
 n - a slice of pizza
 s - a rotting chunk of goblin flesh {@w1}
 t - a chunk of hobgoblin flesh {@w1}
Scrolls
 c - a scroll of enchant armour {unknown}
 e - 2 scrolls of identify {unknown}
 q - a scroll of blinking {unknown}
Jewellery
 h - an uncursed amulet of warding {unknown}
Potions
 r - a potion of curing {unknown}
Books
 d - a book of Changes

   Spells                             Type                      Level
   *Beastly Appendage                 Transmutation                1
   Sticks to Snakes                   Transmutation                2
   Spider Form                        Transmutation/Poison         3
   Ice Form                           Ice/Transmutation            4
   Blade Hands                        Transmutation                5


   Skills:
 - Level 1.1 Fighting
 - Level 1.7 Dodging
 + Level 4.9 Unarmed Combat
 - Level 2.0 Spellcasting
 - Level 2.0 Transmutations


You had 6 spell levels left.
You knew the following spells:

 Your Spells              Type           Power        Failure   Level  Hunger
a - Beastly Appendage     Trmt           #.....       12%         1    ##.....


Dungeon Overview and Level Annotations

Branches:
Dungeon (4/15)
 Temple: D:4-7

Altars:

Annotations:
D:4 Eustachio


Innate Abilities, Weirdness & Mutations

Your plain brown scales are hard (AC +5).
Your body does not fit into most forms of armour.
Your cold-blooded metabolism reacts poorly to cold.


Message History

It was a potion of poison.
* * * LOW HITPOINT WARNING * * *
You feel sick. The shadow imp hits you.
* * * LOW HITPOINT WARNING * * *
Eustachio hits you but does no damage.
Ugh!
There is something really disgusting in your inventory. (slot s) Drink which item? (? for menu, Esc to quit)
You feel refreshed.
It was a potion of restore abilities.
* * * LOW HITPOINT WARNING * * *
You feel sick. The shadow imp hits you.
* * * LOW HITPOINT WARNING * * *
The iron imp hits you.
* * * LOW HITPOINT WARNING * * *
Eustachio hits you but does no damage.
Drink which item? (? for menu, Esc to quit)
You fade into invisibility!
It was a potion of invisibility.
* * * LOW HITPOINT WARNING * * *
You feel sick. The shadow imp closely misses you. The iron imp hits you.
You die...

#######
#.5@@5#
#.##5...!...
#.# .....##
#.# .....#
#.. .....#
### #....#
.... ...


You could see Eustachio, an iron imp, a quasit and a shadow imp.

Vanquished Creatures
  4 adders (D:2)
  A worm (D:2)
  6 bats
  2 giant cockroaches
  7 goblins
  6 hobgoblins
  A kobold (D:1)
  A quokka (D:4)
  3 giant newts
  6 rats
37 creatures vanquished.

Notes
Turn   | Place    | Note
--------------------------------------------------------------
     0 | D:1      | PolkaDot, the Draconian Transmuter, began the quest for the Orb.
     0 | D:1      | Reached XP level 1. HP: 16/16 MP: 3/3
   263 | D:1      | Reached XP level 2. HP: 15/23 MP: 4/4
   936 | D:2      | Reached skill level 4 in Unarmed Combat
  1019 | D:2      | Reached XP level 3. HP: 25/28 MP: 6/6
  1479 | D:2      | Reached XP level 4. HP: 30/35 MP: 7/7
  1549 | D:2      | You fall through a shaft for 2 floors!
  1551 | D:4      | Noticed Eustachio
  1584 | D:4      | Slain by an iron imp

Action                   |  1- 3 |  4- 6 || total
-------------------------+-------+-------++-------
Melee: Unarmed           |   122 |    27 ||   149
  Use: Potion            |       |     4 ||     4
  Eat: Chunk             |     2 |       ||     2
